 Dungeon Crawl Stone Soup version 0.28.0-45-g0d030f2227 (webtiles) character file.

Game seed: 4239624261811439691

4781 Ablot the Slicer (level 10, -2/82 HPs)
             Began as a Gnoll Chaos Knight on Apr 14, 2022.
             Was a Plaything of Xom.
             Slain by a wyvern (9 damage)
             ... on level 9 of the Dungeon.
             The game lasted 00:21:28 (8368 turns).

Ablot the Slicer (Gnoll Chaos Knight)               Turns: 8368, Time: 00:21:29

Health: -2/82      AC: 18    Str: 19    XL:     10   Next: 47%
Magic:  17/17      EV: 12    Int: 13    God:    Xom [.....*]
Gold:   461        SH:  0    Dex: 11    Spells: 16/19 levels left

rFire   + . .      SeeInvis .   M - +3 mace (chaos)
rCold   . . .      Faith    +   (no shield)
rNeg    . . .      Spirit   .   N - quicksilver dragon scales
rPois   +          Reflect  .   (no helmet)
rElec   .          Harm     .   C - +0 cloak
rCorr   .          Rampage  .   (no gloves)
Will    ++...                   v - +0 pair of boots
Stlth   ++........              m - amulet of faith
HPRegen 0.23/turn               F - +4 ring of protection
MPRegen 0.15/turn               (no ring)

@: invisible
A: fangs 2, strong nose, distributed training, hooves 1, fire resistance 1,
strong-willed 1, mutation resistance 1, poison resistance, strong 2, wild magic
2
a: Renounce Religion


You were on level 9 of the Dungeon.
You worshipped Xom.
You were Xom's teddy bear.
You visited 1 branch of the dungeon, and saw 9 of its levels.
You also visited: Sewer.

You collected 461 gold pieces.

Inventory:

Hand Weapons
 a - a +0 short sword of chaos
 k - a +2 dagger of venom
 K - a +0 fustibalus
 M - a +3 mace of chaos (weapon)
Missiles
 e - 260 stones
 h - 6 boomerangs (quivered)
 i - 61 sling bullets
 o - 33 bolts
 y - 109 arrows
 D - 9 poisoned darts
 I - 5 atropa-tipped darts
Armour
 q - the +0 leather armour of the Kangaroo {Regen+ SInv}
   (You found it in a sewer)

   SInv:      It lets you see invisible.
   Regen:     It increases your rate of health regeneration.
 v - a +0 pair of boots (worn)
 C - a +0 cloak (worn)
 N - quicksilver dragon scales (worn)
Magical Staves
 n - a staff of cold
Jewellery
 m - an amulet of faith (around neck)
 F - a +4 ring of protection (left hand)
Wands
 f - a wand of polymorph (7)
 u - a wand of mindburst (12)
 A - a wand of paralysis (9)
 P - a wand of flame (16)
Scrolls
 c - 3 scrolls of vulnerability {unknown}
 d - 3 scrolls of immolation {unknown}
 j - 2 scrolls of fear {unknown}
 p - 3 scrolls of blinking
 s - a scroll of acquirement {unknown}
 t - 5 scrolls of teleportation {unknown}
 w - a scroll of magic mapping {unknown}
 G - 2 scrolls of fog {unknown}
 H - a scroll of summoning {unknown}
 L - a scroll of enchant weapon {unknown}
Potions
 g - 4 potions of brilliance
 l - 3 potions of might
 x - a potion of flight
 z - a potion of invisibility
 B - a potion of magic
 E - a potion of haste
 O - a potion of cancellation
Miscellaneous
 r - a phial of floods


   Skills:
 + Level 8.5 Fighting
 + Level 8.5 Short Blades
 + Level 5.3 Long Blades
 + Level 5.3 Axes
 + Level 5.3 Maces & Flails
 + Level 5.3 Polearms
 + Level 5.3 Staves
 + Level 5.3 Slings
 + Level 5.3 Bows
 + Level 5.3 Crossbows
 + Level 5.3 Throwing
 + Level 7.1 Armour
 + Level 6.0 Dodging
 + Level 5.3 Stealth
 + Level 5.3 Shields
 + Level 5.3 Unarmed Combat
 + Level 5.3 Spellcasting
 + Level 4.4 Conjurations
 + Level 4.4 Hexes
 + Level 4.4 Summonings
 + Level 4.4 Necromancy
 + Level 4.4 Translocations
 + Level 4.4 Transmutations
 + Level 4.4 Fire Magic
 + Level 4.4 Ice Magic
 + Level 4.4 Air Magic
 + Level 4.4 Earth Magic
 + Level 4.4 Poison Magic
 + Level 5.8 Invocations
 + Level 5.3 Evocations


You had 16 spell levels left.
You knew the following spells:

 Your Spells              Type           Power      Damage    Failure   Level
a - Passwall              Tmut/Erth      19%        N/A       17%         2
b - Animate Skeleton      Necr           46%        N/A       12%         1

Your spell library contained the following spells:

 Spells                   Type           Power      Damage    Failure   Level
 Pain                     Necr           92%        1d8       12%         1
 Sandblast                Erth           46%        2d11      12%         1
 Gell's Gravitas          Tloc           23%        N/A       28%         3
 Lesser Beckoning         Tloc           23%        N/A       28%         3
 Stone Arrow              Conj/Erth      46%        3d9       28%         3
 Summon Guardian Golem    Hex/Summ       23%        N/A       28%         3
 Teleport Other           Tloc           23%        N/A       28%         3
 Vampiric Draining        Necr           23%        2d7       28%         3
 Orb of Destruction       Conj           11%        9d6       100%        7
 Spellforged Servitor     Conj/Summ      11%        N/A       100%        7


Dungeon Overview and Level Annotations

Branches:
Dungeon (9/15)             Temple (0/1) D:4           Sewer (visited)
   Lair: D:8-11         Orc: D:9-12

Altars:
Okawaru
Vehumet
Xom

Shops:
D:2 [


Innate Abilities, Weirdness & Mutations

You have extremely sharp teeth.
Your uncanny sense of smell can sniff out nearby items.
Your experience applies equally to all skills.
You have large cloven feet.
Your flesh is heat resistant. (rF+)
You are strong-willed. (Will+)
You are somewhat resistant to further mutation.
Your system is resistant to poisons. (rPois)
Your muscles are very strong. (Str +4)
Your spells are harder to cast, but more powerful.


Message History

The killer bee misses you.
The killer bee stings you but does no damage.
You closely miss the killer bee. Your bite misses the killer bee.
The killer bee is severely wounded.
The killer bee barely misses you.
The killer bee stings you but does no damage.
You hit the killer bee.
Lightning courses through the killer bee!!
You kill the killer bee!
The wyvern barely misses you.
Unknown command.
You hit the wyvern but do no damage. The wyvern misses you.
You thump the wyvern! You freeze the wyvern.
The wyvern is moderately wounded.
The wyvern bites you but does no damage.
The wyvern closely misses you.
You hit the wyvern. You burn the wyvern.
The wyvern is severely wounded.
The wyvern bites you.
* * * LOW HITPOINT WARNING * * *
The wyvern bites you!
* * * LOW HITPOINT WARNING * * *
You hit the wyvern but do no damage. You drain the wyvern.
The wyvern is severely wounded.
The wyvern bites you.
* * * LOW HITPOINT WARNING * * *
Unknown command.
You fade into invisibility!
The wyvern closely misses you. The wyvern completely misses you.
Unknown command.
You barely miss the wyvern.
The wyvern is severely wounded.
The wyvern bites you but does no damage.
The wyvern closely misses you.
You hit the wyvern.
The wyvern is almost dead.
You hit the wyvern.
The wyvern is almost dead.
The wyvern bites you!
You die...

♣..... ....
........P♣..♣. .......
.....P♣.....P# .......
.............# .......
............. b......
............ ##...b...
..........####........
#.....†)Sl@.....bb.
########.....###........
##<[.[....#....##........
##.########....##........
...# #....###....... #.##
#....# #...... ### #....#
###### #..$.# #....#


You could see a water moccasin and a wyvern (drained).

Vanquished Creatures
  An ugly thing (D:8)
  5 humans (D:7)
  A basilisk (D:9)
  A steam dragon (D:5)
  Duvessa (D:4)
  2 water moccasins
  An ice beast (D:5)
  A black bear (D:5)
  2 ogres
  3 centaurs
  8 bullfrogs
  2 scorpions
  Dowan (D:4)
  5 killer bees
  An electric eel (D:8)
  A bullfrog zombie (D:5)
  2 jellies
  3 orc priests
  3 hounds
  A centaur skeleton (D:6)
  5 iguanas
  2 scorpion zombies
  6 orc wizards
  A hound zombie (D:4)
  3 howler monkey zombies
  10 adders
  A white imp (D:5)
  An ufetubus (D:7)
  3 worms
  3 dart slugs
  23 orcs
  4 bats
  21 endoplasms
  6 giant cockroaches (Sewer)
  7 goblins
  5 hobgoblins
  3 jackals (D:3)
  15 quokkas
  15 ball pythons
  13 frilled lizards
  10 kobolds
  6 rats
208 creatures vanquished.

Vanquished Creatures (collateral kills)
  2 orc warriors
  An ice beast (D:7)
  A scorpion (D:7)
  A water moccasin zombie (D:7)
  A jelly (D:3)
  3 wights (D:8)
  2 orc priests
  7 orcs
  A bat (D:3)
  A hobgoblin (D:3)
  A kobold (D:3)
21 creatures vanquished.

Vanquished Creatures (others)
  A bat (D:1)
  3 fungi (D:9)
  12 plants (D:9)
16 creatures vanquished.

Grand Total: 245 creatures vanquished

Notes
Turn   | Place    | Note
-------+----------+-------------------------------------------
     0 | D:1      | Ablot the Gnoll Chaos Knight began the quest for the Orb.
     0 | D:1      | Reached XP level 1. HP: 23/23 MP: 1/1
    70 | D:1      | XOM: destruction
   251 | D:1      | Reached XP level 2. HP: 26/29 MP: 2/2
   394 | D:1      | XOM: give mutations
   394 | D:1      | Gained mutation: Your muscles are strong. (Str +2) [Xom's
                  | grace]
   394 | D:1      | Gained mutation: Your spells are a little harder to cast,
                  | but a little more powerful. [Xom's grace]
   394 | D:1      | Gained mutation: You have extremely sharp teeth. [Xom's
                  | grace]
   394 | D:1      | Gained mutation: You are partially covered in iridescent
                  | scales. (AC +2) [Xom's grace]
   734 | D:1      | XOM: scenery: 2 doors open
   780 | D:1      | Reached XP level 3. HP: 35/35 MP: 3/3
   978 | D:1      | XOM: give mutation
   978 | D:1      | Gained mutation: Your spells are harder to cast, but more
                  | powerful. [Xom's grace]
  1058 | D:2      | Found Pischugo's Antique Armour Boutique.
  1186 | D:2      | Reached skill level 1 in Invocations
  1188 | D:2      | Reached skill level 1 in Long Blades
  1188 | D:2      | Reached skill level 1 in Axes
  1188 | D:2      | Reached skill level 1 in Maces & Flails
  1188 | D:2      | Reached skill level 1 in Polearms
  1188 | D:2      | Reached skill level 1 in Staves
  1188 | D:2      | Reached skill level 1 in Slings
  1188 | D:2      | Reached skill level 1 in Bows
  1188 | D:2      | Reached skill level 1 in Crossbows
  1188 | D:2      | Reached skill level 1 in Throwing
  1188 | D:2      | Reached skill level 1 in Stealth
  1188 | D:2      | Reached skill level 1 in Shields
  1188 | D:2      | Reached skill level 1 in Unarmed Combat
  1188 | D:2      | Reached skill level 1 in Spellcasting
  1188 | D:2      | Reached skill level 1 in Evocations
  1207 | D:2      | XOM: scenery: 1 doors open
  1294 | D:2      | Found a faded altar of an unknown god.
  1359 | D:2      | XOM is BORED!
  1382 | D:2      | XOM: divination: detect items
  1405 | D:2      | XOM: give mutations
  1405 | D:2      | Gained mutation: Your flesh is heat resistant. (rF+) [Xom's
                  | grace]
  1405 | D:2      | Gained mutation: You passively map a small area around you.
                  | [Xom's grace]
  1489 | D:2      | Reached XP level 4. HP: 38/41 MP: 5/5
  1564 | D:2      | You fall into a shaft and drop 2 floors!
  1565 | D:4      | Noticed an ogre
  1568 | D:4      | XOM: fog
  1571 | D:4      | XOM: scenery: create altars
  1576 | D:4      | Killed an ogre
  1577 | D:4      | Reached skill level 1 in Conjurations
  1577 | D:4      | Reached skill level 1 in Hexes
  1577 | D:4      | Reached skill level 1 in Summonings
  1577 | D:4      | Reached skill level 1 in Necromancy
  1577 | D:4      | Reached skill level 1 in Translocations
  1577 | D:4      | Reached skill level 1 in Transmutations
  1577 | D:4      | Reached skill level 1 in Fire Magic
  1577 | D:4      | Reached skill level 1 in Ice Magic
  1577 | D:4      | Reached skill level 1 in Air Magic
  1577 | D:4      | Reached skill level 1 in Earth Magic
  1577 | D:4      | Reached skill level 1 in Poison Magic
  1577 | D:4      | Reached XP level 5. HP: 41/47 MP: 5/7
  1639 | D:4      | XOM: potion effect (invisibility)
  1645 | D:4      | XOM: cleaving
  1658 | D:4      | Reached XP level 6. HP: 48/53 MP: 8/8
  1658 | D:4      | Found a glowing drain.
  1679 | Sewer    | Entered a sewer
  1831 | Sewer    | XOM: potion effect (invisibility)
  1903 | Sewer    | Reached skill level 5 in Armour
  1907 | Sewer    | XOM: god gift: staff of cold
  2118 | Sewer    | XOM: 1-stop teleportation journey
  2228 | Sewer    | Reached XP level 7. HP: 45/59 MP: 10/10
  2234 | Sewer    | Identified the +0 leather armour of the Kangaroo {Regen+
                  | SInv}
  2325 | D:4      | XOM: give mutations
  2325 | D:4      | Gained mutation: You are somewhat resistant to further
                  | mutation. [Xom's grace]
  2325 | D:4      | Gained mutation: Your muscles are very strong. (Str +4)
                  | [Xom's grace]
  2330 | D:4      | Noticed Dowan
  2519 | D:2      | XOM: give mutations
  2519 | D:2      | Gained mutation: You are agile. (Dex +2) [Xom's grace]
  2519 | D:2      | Gained mutation: You are covered in fur. (AC +1) [Xom's
                  | grace]
  2519 | D:2      | Gained mutation: You are strong-willed. (Will+) [Xom's
                  | grace]
  3033 | D:3      | XOM: 5-stop teleportation journey
  3306 | D:3      | XOM: polymorph ice beast -> worm
  3684 | D:4      | XOM: snakes to sticks
  3759 | D:4      | XOM: silly message
  3797 | D:4      | Found a staircase to the Ecumenical Temple.
  3920 | D:4      | Noticed Duvessa
  3931 | D:4      | Killed Dowan
  3945 | D:4      | Killed Duvessa
  3995 | D:4      | XOM: 6-stop teleportation journey
  4030 | D:4      | XOM: confuse monster(s)
  4040 | D:4      | Reached XP level 8. HP: 60/67 MP: 12/12
  4051 | D:4      | XOM: god gift: ring mail {god gift}
  4183 | D:5      | Entered Level 5 of the Dungeon
  4276 | D:5      | XOM: summons friendly crimson imp
  4502 | D:5      | XOM: cloud trail
  4626 | D:5      | XOM: god gift: book of Necromancy
  4917 | D:5      | XOM: god gift: 56 gold pieces
  4926 | D:5      | XOM: give mutations
  4926 | D:5      | Gained mutation: You have large cloven feet. [Xom's grace]
  4926 | D:5      | Gained mutation: You are mostly covered in iridescent
                  | scales. (AC +4) [Xom's grace]
  4926 | D:5      | Gained mutation: Your flesh is very heat resistant. (rF++)
                  | [Xom's grace]
  5142 | D:6      | XOM: potion effect (might)
  5157 | D:6      | XOM: silly message
  5206 | D:6      | Reached XP level 9. HP: 72/72 MP: 14/14
  5209 | D:6      | XOM: silly message
  5442 | D:6      | Identified the +1 robe of Kikubaaqudgha's Pride {MP+9
                  | Slay+2}
  5569 | D:7      | XOM: potion effect (curing)
  5586 | D:7      | XOM: enchant monster (good)
  5587 | D:7      | XOM: confusion
  5591 | D:7      | XOM: silly message
  5595 | D:7      | Reached skill level 5 in Dodging
  5796 | D:7      | Reached skill level 5 in Invocations
  5867 | D:7      | XOM: 3-stop teleportation journey
  5936 | D:7      | Learned a level 2 spell: Passwall
  5938 | D:7      | Learned a level 1 spell: Animate Skeleton
  5949 | D:7      | XOM: confuse monster(s)
  5952 | D:7      | Found an iron altar of Okawaru.
  5954 | D:7      | XOM: chaos upgrade
  5990 | D:7      | XOM: 4-stop teleportation journey
  6018 | D:7      | XOM: 1-stop teleportation journey
  6188 | D:7      | XOM: give mutations
  6188 | D:7      | Lost mutation: You are mostly covered in iridescent scales.
                  | (AC +4) [Xom's mischief]
  6188 | D:7      | Lost mutation: You are partially covered in iridescent
                  | scales. (AC +2) [Xom's mischief]
  6188 | D:7      | Lost mutation: You are covered in fur. (AC +1) [Xom's
                  | mischief]
  6248 | D:7      | XOM: noise
  6336 | D:7      | XOM: swap monsters
  6344 | D:7      | Reached XP level 10. HP: 70/80 MP: 17/17
  6413 | D:7      | XOM: give mutations
  6413 | D:7      | Lost mutation: You passively map a small area around you.
                  | [Xom's mischief]
  6413 | D:7      | Lost mutation: You are agile. (Dex +2) [Xom's mischief]
  6413 | D:7      | Lost mutation: Your muscles are very strong. (Str +4)
                  | [Xom's mischief]
  6643 | D:8      | Reached skill level 5 in Long Blades
  6643 | D:8      | Reached skill level 5 in Axes
  6643 | D:8      | Reached skill level 5 in Maces & Flails
  6643 | D:8      | Reached skill level 5 in Polearms
  6643 | D:8      | Reached skill level 5 in Staves
  6643 | D:8      | Reached skill level 5 in Slings
  6643 | D:8      | Reached skill level 5 in Bows
  6643 | D:8      | Reached skill level 5 in Crossbows
  6643 | D:8      | Reached skill level 5 in Throwing
  6643 | D:8      | Reached skill level 5 in Stealth
  6643 | D:8      | Reached skill level 5 in Shields
  6643 | D:8      | Reached skill level 5 in Unarmed Combat
  6643 | D:8      | Reached skill level 5 in Spellcasting
  6643 | D:8      | Reached skill level 5 in Evocations
  6882 | D:8      | Found a radiant altar of Vehumet.
  6948 | D:8      | HP: 4/81 [electric eel/bolt of electricity (10)]
  6955 | D:8      | XOM: confuse monster(s)
  7079 | D:8      | XOM: give mutation
  7079 | D:8      | Lost mutation: Your flesh is very heat resistant. (rF++)
                  | [Xom's mischief]
  7218 | D:8      | XOM: 1-stop teleportation journey
  7410 | D:8      | XOM: summons 6 hostile demons
  7474 | D:8      | XOM: 1-stop teleportation journey
  7486 | D:8      | XOM: confusion
  7493 | D:8      | XOM: confusion (+ monsters)
  7495 | D:8      | XOM: polymorph centaur -> jelly
  7723 | D:8      | Noticed a green ugly thing
  7723 | D:8      | XOM: summons friendly white imp
  7734 | D:8      | XOM: confuse monster(s)
  7755 | D:8      | Killed a green ugly thing
  7863 | D:8      | XOM: cloud trail
  8069 | D:8      | XOM: give mutations
  8069 | D:8      | Gained mutation: Your system is resistant to poisons.
                  | (rPois) [Xom's grace]
  8069 | D:8      | Gained mutation: Your muscles are very strong. (Str +4)
                  | [Xom's grace]
  8352 | D:9      | XOM: scenery: summon butterflies
  8368 | D:9      | Slain by a wyvern

Illustrated notes

Levels and vault maps discovered:
D:1:      dpeg_arrival_rhombus, layout_loops_corners
D:2:      layout_basic, dreamdust_ecumenical_altar_statues, serial_shops, shop,
          minivault_26
D:3:      layout_loops_corners
D:4:      layout_rooms, temple_fountains, cheibrodos_sewer_entry_sluice,
          uniq_duvessa
D:5:      layout_loops_ring
D:6:      layout_rooms
D:7:      layout_loops_corners, okawaru_ov_weapons_minmay, minmay_ruffians
D:8:      layout_rooms, vehumet_altar_wand_db, enter_bailey_2, minivault_14,
          dk_vineyard_2, patterned_corridor
D:9:      layout_rooms, nemelex_spade_bored_becter, minmay_overflow_temple_hex,
          minmay_lair_entry_grove, serial_shops, shop

Skill      XL: |  1  2  3  4  5  6  7  8  9 10 |
---------------+-------------------------------+-----
Invocations    | 1 2 3 4 5 |  5.8
Long Blades    | 1 2 3 4 5 |  5.3
Axes           | 1 2 3 4 5 |  5.3
Maces & Flails | 1 2 3 4 5 |  5.3
Polearms       | 1 2 3 4 5 |  5.3
Staves         | 1 2 3 4 5 |  5.3
Slings         | 1 2 3 4 5 |  5.3
Bows           | 1 2 3 4 5 |  5.3
Crossbows      | 1 2 3 4 5 |  5.3
Throwing       | 1 2 3 4 5 |  5.3
Stealth        | 1 2 3 4 5 |  5.3
Shields        | 1 2 3 4 5 |  5.3
Unarmed Combat | 1 2 3 4 5 |  5.3
Spellcasting   | 1 2 3 4 5 |  5.3
Evocations     | 1 2 3 4 5 |  5.3
Conjurations   | 1 2 3 4 |  4.4
Hexes          | 1 2 3 4 |  4.4
Summonings     | 1 2 3 4 |  4.4
Necromancy     | 1 2 3 4 |  4.4
Translocations | 1 2 3 4 |  4.4
Transmutations | 1 2 3 4 |  4.4
Fire Magic     | 1 2 3 4 |  4.4
Ice Magic      | 1 2 3 4 |  4.4
Air Magic      | 1 2 3 4 |  4.4
Earth Magic    | 1 2 3 4 |  4.4
Poison Magic   | 1 2 3 4 |  4.4
Dodging        | 3 4 5 6 |  6.0
Armour         | 5 6 7 |  7.1
Fighting       | 7 8 |  8.5
Short Blades   | 7 8 |  8.5

Action                   |  1- 3 |  4- 6 |  7- 9 | 10-12 || total
-------------------------+-------+-------+-------+-------++-------
Melee: Short sword       |    92 |   171 |   368 |       ||   631
       Punch             |     4 |     1 |    14 |     9 ||    28
       Bite              |     3 |     8 |    45 |    13 ||    69
       Mace              |       |       |    31 |   153 ||   184
       Dagger            |       |       |    22 |       ||    22
Throw: Javelin           |       |       |     1 |       ||     1
       Boomerang         |       |       |       |     5 ||     5
Evoke: Wand              |       |       |     4 |       ||     4
  Use: Scroll            |       |       |       |     8 ||     8
       Potion            |       |       |       |     2 ||     2
 Stab: Sleeping          |     1 |     2 |     5 |     2 ||    10
       Invisible         |       |    11 |       |       ||    11
       Paralysed         |       |     2 |     1 |       ||     3
       Confused          |       |       |     3 |     2 ||     5
       Distracted        |       |       |     2 |       ||     2
Armor: Leather armour    |    37 |    28 |    99 |       ||   164
       Quicksilver drago |       |       |     3 |   157 ||   160
Dodge: Dodged            |    51 |    77 |   225 |   158 ||   511
